 Dungeon Crawl Stone Soup version 0.30-a0-918-g0ff054e9dc (webtiles) character file.

Game seed: 11978560568960813849

318 cforsyth the Shield-Bearer (level 6, -2/48 HPs)
             Began as a Human Fighter on Mar 21, 2023.
             Slain by an orc
             ... wielding a +2 trident of flaming
              (4 damage)
             ... on level 4 of the Dungeon.
             The game lasted 00:03:12 (2980 turns).

cforsyth the Shield-Bearer (Human Fighter)          Turns: 2980, Time: 00:03:12

Health: -2/48      AC:  8    Str: 19    XL:     6   Next: 74%
Magic:  6/6        EV:  9    Int:  8    God:
Gold:   293        SH:  5    Dex: 12    Spells: 5/5 levels left

rFire   . . .      SeeInvis .    a - +0 flail
rCold   . . .      Faith    .    c - +0 buckler
rNeg    . . .      Spirit   .    b - +0 scale mail
rPois   .          Reflect  .    (no helmet)
rElec   .          Rampage  .    f - +0 cloak
rCorr   .                        (no gloves)
Will    .....                    (no boots) Stlth
                                 (no amulet)
HPRegen 0.28/turn                (no ring)
MPRegen 0.10/turn                (no ring)

@: no status effects
A: no striking features
a: no special abilities


You were on level 4 of the Dungeon.
You visited 1 branch of the dungeon, and saw 4 of its levels.

You collected 293 gold pieces.

Inventory:

Hand Weapons
 a - a +0 flail (weapon)
Armour
 b - a +0 scale mail (worn)
 c - a +0 buckler (worn)
 f - a +0 cloak (worn)
Jewellery
 p - an amulet of guardian spirit
Wands
 o - a wand of light (3)
Scrolls
 e - a scroll of immolation {unknown}
 g - a scroll of noise {unknown}
 h - 4 scrolls of identify {unknown}
 k - 3 scrolls of teleportation {unknown}
 m - a scroll of blinking {unknown}
 q - a scroll of fear {unknown}
 r - a scroll of amnesia {unknown}
Potions
 d - 2 potions of might
 i - 3 potions of curing {unknown}
 j - a potion of flight {unknown}
 l - 3 potions of brilliance {unknown}
 n - a potion of mutation {unknown}


   Skills:
 + Level 4.3 Fighting
 + Level 3.7 Maces & Flails
 + Level 4.3 Armour
 + Level 4.3 Shields


You had 5 spell levels left.
You didn't know any spells.
Your spell library contained the following spells:

 Spells                   Type           Power      Damage    Failure   Level
 Foxfire                  Conj/Fire      0%         2x1d4     86%         1
 Portal Projectile        Hex/Tloc       0%         N/A       99%         3
 Tukima's Dance           Hex            0%         N/A       99%         3
 Blade Hands              Tmut           0%         N/A       100%        5
 Fireball                 Conj/Fire      0%         3d3       100%        5
 Starburst                Conj/Fire      0%         6d3       100%        6


Dungeon Overview and Level Annotations

Branches:
Dungeon (4/15)
 Temple: D:4-7

Altars:
Kikubaaqudgha
Sif Muna


Message History

The orc priest invokes the aid of Beogh against you.
Pain shoots through your body! You block the orc's attack.
The orc hits you from afar with a +2 trident of flaming.
The orc burns you.
The orc priest hits you but does no damage.
The orc barely misses you.
You are too injured to fight recklessly!
You are too injured to fight recklessly!
You are too injured to fight recklessly!
You are too injured to fight recklessly!
You are too injured to fight recklessly!
You are too injured to fight recklessly!
You are too injured to fight recklessly!
You are too injured to fight recklessly!
You are too injured to fight recklessly!
You are too injured to fight recklessly!
You sock the orc priest!
You kill the orc priest!
The orc hits you but does no damage.
The orc hits you with a +1 war axe of freezing.
The orc freezes you.
The orc hits you with a +2 trident of flaming.
* * * LOW HITPOINT WARNING * * *
The orc burns you.
* * * LOW HITPOINT WARNING * * *
The orc closely misses you.
Things that are here:
a +0 mace; a +0 leather armour; a scroll labelled JIKIKA KOSM You barely miss the orc.
The orc hits you with a +2 trident of flaming.
* * * LOW HITPOINT WARNING * * *
The orc burns you.
* * * LOW HITPOINT WARNING * * *
The orc hits you with a +1 war axe of freezing.
* * * LOW HITPOINT WARNING * * *
The orc freezes you.
* * * LOW HITPOINT WARNING * * *
You closely miss the orc.
The orc hits you with a +2 trident of flaming.
You die...

..#..###.###.##.#######
..#..###.###.##.###
..#...#..#...#....#
..#...#..#...'....#
..#...#..+...#....#
..#...#..#...#....# .
..#...#..#...#....#.o...
..##'######.###'###.....
........###.#..o@....#
........#...#..o.....#
........'...#........#
...<....#...#........'..
........#####........###
#####...........##'###
....#......)....# ..
....#...........# ...
#####...........+


You could see 2 orcs.

Vanquished Creatures
  A howler monkey (D:4)
  2 hounds
  2 orc priests (D:4)
  An iguana (D:4)
  2 adders
  A gnoll (D:1)
  4 dart slugs
  11 orcs
  6 endoplasms
  3 giant cockroaches
  5 goblins
  6 hobgoblins
  10 jackals
  9 kobolds
  2 quokkas
  7 ball pythons
  2 bats
  2 frilled lizards
  3 rats
79 creatures vanquished.

Notes
Turn   | Place    | Note
-------+----------+-------------------------------------------
     0 | D:1      | cforsyth the Human Fighter began the quest for the Orb.
     0 | D:1      | Reached XP level 1. HP: 18/18 MP: 1/1
    47 | D:1      | Reached XP level 2. HP: 10/24 MP: 2/2
   157 | D:1      | Reached XP level 3. HP: 15/29 MP: 3/3
   581 | D:1      | Reached XP level 4. HP: 30/35 MP: 4/4
  1120 | D:2      | Found a faded altar of an unknown god.
  1589 | D:3      | Reached XP level 5. HP: 42/42 MP: 5/5
  1677 | D:3      | Found a shimmering blue altar of Sif Muna.
  2098 | D:4      | Reached XP level 6. HP: 48/48 MP: 6/6
  2780 | D:4      | Found an ancient bone altar of Kikubaaqudgha.
  2979 | D:4      | HP: 2/48 [orc/+1 war axe of freezing (1)]
  2980 | D:4      | Slain by an orc

Illustrated notes

Levels and vault maps discovered:
D:1:      nicolae_arrival_memento_mori, layout_loops_ring, minmay_pentomino_x2
D:2:      layout_loops_ring, hellmonk_ecumenical_altar_run_dry,
          kennysheep_potato
D:3:      layout_rooms, mainiacjoe_overflow_chevrons
D:4:      cheibrodos_pilgrimage, layout_gridville,
          mainiacjoe_overflow_tiny_flanked, minmay_circle_x

Skill      XL: |  1  2  3  4  5 |
---------------+----------------+-----
Maces & Flails | 3 |  3.7
Fighting       | 4 |  4.3
Armour         | 4 |  4.3
Shields        | 4 |  4.3

Action                     |  1- 3 |  4- 6 || total
---------------------------+-------+-------++-------
  Melee: Flail             |    66 |   175 ||   241
 Armour: Scale mail        |    47 |    97 ||   144
  Dodge: Dodged            |    30 |    77 ||   107
  Block: Buckler           |    14 |    56 ||    70

Table legend: (Time is in decaauts)
 A = Elapsed time spent in this place.
 B = Non-inter-level travel time spent in this place.
 C = Inter-level travel time spent in this place.
 D = Time resting spent in this place.
 E = Time spent auto-exploring this place.
 F = Levels seen in this place.
 G = Mean time per level.
                   A        B        C        D        E       F      G
               +--------+--------+--------+--------+--------+-----+--------+
         Total |   3049 |   2949 |    100 |     47 |   2275 |   4 |  762.2 |
       Dungeon |   3049 |   2949 |    100 |     47 |   2275 |   4 |  762.2 |
               +--------+--------+--------+--------+--------+-----+--------+

Top non-repeatable levels by time:
     D:4: 1067 daAuts
     D:1: 852 daAuts
     D:2: 704 daAuts
     D:3: 425 daAuts
